 Dungeon Crawl Stone Soup version 0.28-a0-1117-g0bdd5ba030 (webtiles) character file.

Game seed: 9964989854529456977

123 tgiblernsday the Poker (level 4, -2/37 HPs)
             Began as a Minotaur Gladiator on Dec 11, 2021.
             Was a Believer of Nemelex Xobeh.
             Slain by a ball python (3 damage)
             ... on level 3 of the Dungeon.
             The game lasted 00:15:42 (2487 turns).

tgiblernsday the Poker (Minotaur Gladiator)         Turns: 2487, Time: 00:15:42

Health: -2/37      AC:  8    Str: 20    XL:     4   Next: 80%
Magic:  3/3        EV:  5    Int:  5    God:    Nemelex Xobeh [**....]
Gold:   122        SH:  0    Dex: 12    Spells: 3/3 levels left

rFire   + . .      SeeInvis .   a - +0 trident
rCold   . . .      Faith    .   (no shield)
rNeg    . . .      Spirit   .   e - +0 chain mail
rPois   .          Reflect  .   c - +0 hat
rElec   .          Harm     .   (no cloak)
rCorr   .          Rampage  .   (no gloves)
Will    .....                   (no boots)
Stlth   ..........              (no amulet)
HPRegen 0.12/turn               A - ring of protection from fire
MPRegen 0.08/turn               (no ring)

@: lethally poisoned (-2 -> -5), constricted
A: horns 2, retaliatory headbutt
a: Renounce Religion, Draw Escape, Draw Destruction, Draw Summoning


You were on level 3 of the Dungeon.
You worshipped Nemelex Xobeh.
Nemelex Xobeh was pleased with you.
You visited 1 branch of the dungeon, and saw 4 of its levels.

You collected 122 gold pieces.

Inventory:

Hand Weapons
 a - a +0 trident (weapon)
 g - a +0 hunting sling
Missiles
 d - 3 throwing nets (quivered)
 f - 71 sling bullets
 l - 16 stones
Armour
 c - a +0 hat (worn)
 e - a +0 chain mail (worn)
Jewellery
 A - a ring of protection from fire (left hand)
Scrolls
 h - a scroll of noise
 i - 2 scrolls of teleportation {unknown}
 j - 2 scrolls of identify {unknown}
 k - a scroll of vulnerability {unknown}
Potions
 b - a potion of resistance {unknown}


   Skills:
 + Level 2.8 Fighting
 + Level 4.9 Polearms
 + Level 1.7(2.3) Slings
 - Level 2.1(2.3) Throwing
 + Level 2.4 Armour
 + Level 3.6 Dodging
 * Level 0.8 Invocations


You had 3 spell levels left.
You didn't know any spells.
Your spell library contained the following spells:

 Spells                   Type           Power      Damage    Failure   Level
 Corpse Rot               Necr/Air       0%         N/A       100%        2
 Poisonous Vapours        Pois/Air       0%         N/A       100%        2


Dungeon Overview and Level Annotations

Branches:
Dungeon (4/15)
 Temple: D:4-7

Altars:
Nemelex Xobeh


Innate Abilities, Weirdness & Mutations

You have a pair of horns on your head.
You reflexively headbutt those who attack you in melee.


Message History

The adder barely misses you. The gnoll barely misses you.
The hobgoblin hits you but does no damage.
The ball python bites you but does no damage.
The ball python constricts you.
You escape the ball python's grasp.
The adder bites you but does no damage. The gnoll hits you with a +0 club.
The hobgoblin hits you. The adder closely misses you. You furiously retaliate!
You headbutt the adder.
You climb upwards.
There is a stone staircase leading down here.
You hit the gnoll.
The gnoll is almost dead.
The ball python bites you but does no damage.
The ball python grabs you. The ball python constricts you.
The gnoll hits you with a +0 club.
The hobgoblin hits you but does no damage.
The adder bites you.
* * * LOW HITPOINT WARNING * * *
You are poisoned.
The adder poisons you! The ball python bites you.
* * * LOW HITPOINT WARNING * * *
The ball python constricts you.
You barely miss the gnoll.
The gnoll is almost dead.
You feel sick. The adder completely misses you.
The gnoll hits you with a +0 club.
* * * LOW HITPOINT WARNING * * *
The hobgoblin hits you.
* * * LOW HITPOINT WARNING * * *
The ball python bites you but does no damage.
The ball python constricts you.
You barely miss the gnoll. You headbutt the gnoll.
You kill the gnoll!
You feel sick. The adder barely misses you. You furiously retaliate!
You headbutt the adder.
You kill the adder!
The hobgoblin hits you.
* * * LOW HITPOINT WARNING * * *
The ball python bites you.
You die...
Your body glows slightly and disappears.

..........#
###............##
..........#
#.............# #
....<.....#
########....#.####
#........##
#.....###.....
##......##
#.....#####...
########
#####.............
##.........#####(.#
##S.g.......####...#
#.)@........#...>.##
#..†..........#.###
#...............#
#...........#####
#...........#
##........###
##........##
#..........#
#..........#


You could see a hobgoblin and a ball python.

Vanquished Creatures
  5 gnolls
  2 adders (D:3)
  A worm (D:3)
  2 dart slugs
  An orc (D:3)
  5 endoplasms
  2 giant cockroaches (D:3)
  9 goblins
  5 hobgoblins
  8 jackals (D:1)
  3 quokkas
  9 ball pythons
  2 bats
  5 frilled lizards
  3 kobolds
  3 rats
65 creatures vanquished.

Notes
Turn   | Place    | Note
-------+----------+-------------------------------------------
     0 | D:1      | tgiblernsday the Minotaur Gladiator began the quest for the
                  | Orb.
     0 | D:1      | Reached XP level 1. HP: 18/18 MP: 0/0
   251 | D:1      | Reached skill level 4 in Polearms
   255 | D:1      | Reached XP level 2. HP: 25/25 MP: 1/1
   668 | D:1      | Reached skill level 1 in Armour
   668 | D:1      | Reached XP level 3. HP: 28/30 MP: 2/2
  1033 | D:1      | Found a faded altar of an unknown god.
  1077 | D:1      | Prayed at the altar of an unknown god.
  1077 | D:1      | Became a worshipper of Nemelex Xobeh the Trickster
  1077 | D:1      | Reached * piety under Nemelex Xobeh
  1487 | D:2      | Received a gift from Nemelex Xobeh
  1919 | D:3      | Reached XP level 4. HP: 37/37 MP: 3/3
  1952 | D:3      | Reached skill level 1 in Slings
  2202 | D:3      | Reached ** piety under Nemelex Xobeh
  2487 | D:3      | HP: 1/37 [hobgoblin (4)]
  2487 | D:3      | Slain by a ball python

Illustrated notes

Levels and vault maps discovered:
D:1:      dpeg_arrival_round_b, layout_basic,
          shapermc_ecumenical_altar_starsandcircs, st_stairs_8,
          minmay_pentomino_x4
D:2:      layout_rooms
D:3:      layout_rooms, nrook_mini_backslash
D:4:      layout_rooms, minmay_temple_entry_large_hall, portal_sewer_entry_b,
          roderic_lattice_a, uniq_pikel

Skill      XL: |  1  2  3  4 |
---------------+-------------+-----
Polearms       | 4 |  4.9
Armour         | 1 2 |  2.4
Slings         | 1 |  1.7
Fighting       | |  2.8
Throwing       | |  2.1
Dodging        | |  3.6
Invocations    | |  0.8

Action                   |  1- 3 |  4- 6 || total
-------------------------+-------+-------++-------
Melee: Trident           |    69 |    33 ||   102
       Headbutt          |     6 |     3 ||     9
 Fire: Hunting sling     |    39 |    25 ||    64
Throw: Throwing net      |     1 |       ||     1
  Use: Scroll            |       |     1 ||     1
Armor: Leather armour    |     6 |       ||     6
       Chain mail        |    21 |    28 ||    49
Dodge: Dodged            |    30 |    24 ||    54

Table legend: (Time is in decaauts)
 A = Elapsed time spent in this place.
 B = Non-inter-level travel time spent in this place.
 C = Inter-level travel time spent in this place.
 D = Time resting spent in this place.
 E = Time spent auto-exploring this place.
 F = Levels seen in this place.
 G = Mean time per level.
                   A        B        C        D        E       F      G
               +--------+--------+--------+--------+--------+-----+--------+
         Total |   2488 |   2289 |    199 |    200 |   1476 |   4 |  622.0 |
       Dungeon |   2488 |   2289 |    199 |    200 |   1476 |   4 |  622.0 |
               +--------+--------+--------+--------+--------+-----+--------+

Top non-repeatable levels by time:
     D:1: 1455 daAuts
     D:3: 626 daAuts
     D:2: 390 daAuts
     D:4: 15 daAuts
